[Event "Late-Titled-Tuesday-Blitz-April-30-2024"]
[Site "Chess.com"]
[Date "2024.04.30"]
[Round "9"]
[White "carloseduar100"]
[Black "WPWPWP-2015"]
[Result "0-1"]
[WhiteElo "2241"]
[BlackElo "2475"]
[TimeControl "180+1"]
[EndTime "15:44:27 PDT"]
[Termination "WPWPWP-2015 won by resignation"]

1. e4 e5 2. Nf3 Nc6 3. Nc3 Nf6 4.
Nxe5 Nxe5 5. d4 Nc6 6. d5 Bb4 7. dxc6 dxc6 8. Qxd8+ Kxd8 9. Bd2 Bd7 10. O-O-O Kc8 11.
Bc4 Be6 12. Bxe6+ fxe6 13. f3 b6 14. Ne2 Bxd2+ 15. Rxd2 e5 16. Rhd1 Kb7 17. Ng3 g6 18. Nf1 a5 19. Ne3 b5 20. a3 a4 21. c4 Rae8 22.
Kc2 h5 23. Kc3 h4 24. h3 Nh5 25. Rd7 Nf4 26. Kb4 Kb6 27. c5+ Kb7 28. R1d2 Ne6 29. Ng4 Nd4 30. Nxe5 Rxe5 31. R2xd4 Rhh5 32. Rg7 Rxc5 33. Rxg6 Kb6 34. Rg8 Rc2 35. Rb8+ Ka7 36. Rdd8 Rxb2+ 37.
Ka5 b4+ 38. Kxa4 bxa3 39. Ra8+ Kb6 40. Kxa3 Rhb5 41. Rdb8+ Kc5 42. Rxb5+ Rxb5 43. Rh8 Kc4 44. Rxh4 Kc3 45. Ka2 Ra5+ 46. Kb1 Rb5+ 47. Kc1 Ra5 48. Kd1 Kd3 49. Ke1 Ke3 50. Kd1 Kd3 51. Kc1 c5 52. e5 c4 53. e6 c3 54. Kb1 c2+ 55. Kb2 Rb5+ 56. Ka2 c1=Q 0-1

[Event "Late-Titled-Tuesday-Blitz-April-30-2024"]
[Site "Chess.com"]
[Date "2024.04.30"]
[Round "9"]
[White "djano"]
[Black "sansanathalia"]
[Result "1-0"]
[WhiteElo "2592"]
[BlackElo "2401"]
[TimeControl "180+1"]
[EndTime "15:44:27 PDT"]
[Termination "djano won by resignation"]

1. Nc3 d5 2. e4 dxe4 3. Nxe4 Nf6 4. Nxf6+ exf6 5. Bc4 Nd7 6. d4 Nb6 7. Bb3 Bd6 8. Qh5 O-O 9. Be3 a5 10. c3 g6 11. Qh6 a4 12. Bc2 Nc4 13. Ne2 Nxb2 14. h4 Qe7 15. h5 f5 16. hxg6 fxg6 17. Bg5 Qf7 18. Rb1 Nc4 19. Bd3 Be6 20. Rxb7 Rfb8 21.
Rxb8+ Rxb8 22. O-O Nb2 23. Bb1 Bxa2 24. Bxa2 Qxa2 25.
Nf4 Qf7 26. d5 Bxf4 27. Bxf4 Nc4 28. Ra1 a3 29. Qh4 Re8 30. Qg3 Qxd5 31. Bxc7 Ra8 32. Qh4 a2 33. Qe7 Qf7 34. Qc5 Nd2 35. Qc6 Rc8 36.
Rd1 Nb1 37. Rd7 a1=Q 38. Rxf7 Kxf7 39. Qd7+ Kf6 40. Qxc8 Nd2+ 41. Kh2 Nf1+ 42. Kh3 Qxc3+ 43. g3 Qf3 44. Qf8+ Ke6 45. Qd6+ Kf7 46. Qd7+ Kf6 47. Bd8+ Ke5 48. Bc7+ Kf6 49. Qd6+ Kg5 50. Qe7+ Kh6 51. Bf4+ 1-0

[Event "Late-Titled-Tuesday-Blitz-April-30-2024"]
[Site "Chess.com"]
[Date "2024.04.30"]
[Round "9"]
[White "StelaSfw"]
[Black "martinmena"]
[Result "0-1"]
[WhiteElo "1682"]
[BlackElo "2113"]
[TimeControl "180+1"]
[EndTime "15:44:27 PDT"]
[Termination "martinmena won on time"]

1. e4 c6 2. d4 d5 3. exd5 cxd5 4. Nf3 Nf6 5. Bd3 Nc6 6. c3 Qc7 7. h3 g6 8. O-O Bf5 9. Bxf5 gxf5 10. Bg5 Ne4 11.
Bh4 e6 12. Nbd2 Be7 13. Re1 O-O-O 14. Nf1 Bxh4 15. Nxh4 Rdg8 16. Nf3 Rg7 17. Nh4 Rhg8 18. Qf3 Qd8 19. g3 Qxh4 20. Kh2 Qh5 21. Qxh5 Nxf2 22.
Kg2 Ne4 23. Qf3 h5 24. Re2 h4 25. g4 fxg4 26. hxg4 Rxg4+ 27. Kh1 Ng3+ 28. Kh2 Nxe2 29. Qxe2 Re4 30. Qg2 Rxg2+ 31. Kxg2 Re2+ 32. Kh3 Rxb2 33. Kxh4 Rc2 34. Ng3 Rxc3 35. Kg4 Rd3 36. Kf4 Rxd4+ 37.
Kf3 f5 38. Kg2 Rg4 39. Kh3 Rg5 40. Ne2 e5 41. Rh1 Rh5+ 42. Kg2 Rxh1 43. Kxh1 f4 44. Kg2 Nd4 45. Nxd4 exd4 46. Kf3 d3 47. Kxf4 d2 48. Ke5 d1=Q 0-1

[Event "Late-Titled-Tuesday-Blitz-April-30-2024"]
[Site "Chess.com"]
[Date "2024.04.30"]
[Round "9"]
[White "GalaxyRoman"]
[Black "DeArron_Fox"]
[Result "0-1"]
[WhiteElo "2725"]
[BlackElo "2522"]
[TimeControl "180+1"]
[EndTime "15:44:28 PDT"]
[Termination "DeArron_Fox won by checkmate"]

1. e4 c5 2. Nc3 e6 3. f4 d5 4. Nf3 Nc6 5. Bb5 Ne7 6. exd5 exd5 7.
Qe2 g6 8. Ne5 Be6 9. Nd3 a6 10.
Qe5 Rg8 11. Nxc5 axb5 12. Nxe6 fxe6 13. Qxe6 Nd4 14. Qe5 Bg7 15. Qg5 Nxc2+ 16. Kd1 Nxa1 17. Re1 Kf7 18. Nxb5 Nf5 19. Qg4 Qd7 20. Nc3 Rge8 21.
Rxe8 Rxe8 22. b3 d4 23. Ne2 Qb5 24. Bb2 Nxb3 25. Qf3 Nc5 26. Bc1 Qxe2+ 27. Qxe2 Rxe2 28. Kxe2 d3+ 29. Kf3 Nd4+ 30. Ke3 Nc2+ 31. Kf3 Ke6 32. g4 Kd5 33. a4 Nxa4 34. h4 b5 35. h5 gxh5 36. g5 b4 37. f5 b3 38. f6 Bf8 39.
Kf4 b2 40. Bxb2 Nxb2 41. Kf5 Nc4 42. g6 hxg6+ 43. Kxg6 Nxd2 44. Kf7 Ba3 45. Kg6 Ne4 46. f7 d2 47. Kg7 d1=Q 48. Kg8 Qg4+ 49. Kh7 Nf6+ 50.
Kh6 Bc1# 0-1

[Event "Late-Titled-Tuesday-Blitz-April-30-2024"]
[Site "Chess.com"]
[Date "2024.04.30"]
[Round "9"]
[White "Anton_Demchenko"]
[Black "canary2016"]
[Result "1-0"]
[WhiteElo "2876"]
[BlackElo "2274"]
[TimeControl "180+1"]
[EndTime "15:44:30 PDT"]
[Termination "Anton_Demchenko won on time"]

1. a3 d5 2. Nf3 c6 3. g3 Nf6 4. Bg2 Bg4 5. O-O Nbd7 6. d3 e5 7. Nbd2 Bd6 8. e4 O-O 9. h3 Bh5 10. Qe1 Re8 11. Nh4 Qc7 12. b3 Rad8 13. Bb2 dxe4 14. dxe4 Nc5 15. Nc4 Bg6 16. Nxd6 Qxd6 17. f3 Ne6 18. Qf2 b6 19. Rfe1 Qd2 20. Bxe5 Nc5 21.
Bxf6 gxf6 22. Qxd2 Rxd2 23. Rac1 Red8 24. Bf1 Ne6 25.
Re2 c5 26. Kf2 Kg7 27. Ke1 R2d7 28. Re3 Nd4 29. g4 Ne6 30. Ng2 h5 31. Be2 Rd2 32.
f4 Nc7 33. f5 Bh7 34. Nf4 hxg4 35. hxg4 R2d4 36. c3 Rd2 37. Rd1 Rxd1+ 38. Bxd1 Nb5 39. a4 Nd6 40. c4 Nc8 41. Be2 Ne7 42. Rd3 Rxd3 43.
Bxd3 Nc6 44. Bc2 Nd4 45. Bd1 Kf8 46. Kf2 Ke7 47. Nd5+ Kf8 48. Nxf6 Kg7 49. g5 a6 50. Ke3 a5 51. Kf4 Bg8 52. Nd7 1-0

[Event "Late-Titled-Tuesday-Blitz-April-30-2024"]
[Site "Chess.com"]
[Date "2024.04.30"]
[Round "9"]
[White "Walter_White_Poland"]
[Black "HandKnit"]
[Result "1/2-1/2"]
[WhiteElo "2373"]
[BlackElo "2490"]
[TimeControl "180+1"]
[EndTime "15:44:31 PDT"]
[Termination "Game drawn by repetition"]

1. e4 c5 2. Nf3 e6 3. d4 cxd4 4. Nxd4 a6 5. c4 Nf6 6. Nc3 Qc7 7. Bd3 Nc6 8. Be3 Ne5 9. O-O Bc5 10. h3 O-O 11. Rc1 Nxd3 12. Qxd3 d6 13. a3 Nd7 14. Nf3 b6 15. Rfd1 Bxe3 16. Qxe3 Bb7 17. Ne2 Rfd8 18.
Ng3 a5 19. Nd4 Bc6 20. Nh5 Ne5 21. f4 Ng6 22. f5 exf5 23. Nxf5 Re8 24. Nfxg7 Re5 25.
Nf5 Kh8 26. Qh6 f6 27. Nxf6 Bxe4 28. Nxe4 Rxf5 29. Rxd6 Rg8 30. Rcd1 Qxc4 31. Rd7 Rf7 32. Rxf7 Qxf7 33. Ng5 Qa7 34. Kh1 b5 35. Rd6 Qe7 36. Re6 Qd7 37. Rf6 Rg7 38. Rf1 Kg8 39. Nf3 Rf7 40.
Qe3 Nf4 41. Qf2 Qd5 42. Qg3+ Ng6 43. Re1 b4 44. Qb8+ Kg7 45. axb4 axb4 46. Qxb4 Rxf3 47. gxf3 Qxf3+ 48. Kg1 Qg3+ 49. Kf1 Qf3+ 50. Kg1 Qg3+ 51. Kf1 Qf3+ 52. Kg1 1/2-1/2

[Event "Late-Titled-Tuesday-Blitz-April-30-2024"]
[Site "Chess.com"]
[Date "2024.04.30"]
[Round "9"]
[White "GM_dmitrij"]
[Black "LyonBeast"]
[Result "1/2-1/2"]
[WhiteElo "2992"]
[BlackElo "3125"]
[TimeControl "180+1"]
[EndTime "15:44:32 PDT"]
[Termination "Game drawn by repetition"]

1. e4 c5 2. Nf3 Nc6 3. Bb5 e6 4.
O-O Nge7 5. Re1 Ng6 6. c3 a6 7. Bf1 Be7 8. d4 cxd4 9. cxd4 d5 10. exd5 exd5 11. Bg5 O-O 12. Bxe7 Ngxe7 13. Nc3 Bf5 14.
Rc1 Ng6 15. Qb3 Bg4 16. Qxb7 Bxf3 17. Qxc6 Qg5 18. Ne2 Bxe2 19. Bxe2 Nf4 20. g3 Rab8 21. b3 Rb4 22. Bf1 Rxd4 23. Qc5 Ne6 24. Qc3 Rd2 25. h4 Qh6 26. Rc2 Rxc2 27. Qxc2 Qf6 28. Qd3 Rd8 29. Qxa6 Qc3 30. Re3 Qc1 31. Qd3 d4 32.
Re2 h6 33. Rc2 Qe1 34. Qd2 Qe5 35. b4 d3 36. Rc3 Nd4 37. Qxd3 Ne2+ 38. Qxe2 Qxc3 39.
b5 Qc5 40. a4 Qb6 41. Qe1 Ra8 42. Qb4 h5 43. Bg2 Ra7 44. Bc6 g6 45. Qc4 Qd8 46. Kg2 Qb6 47. Qb4 Kg7 48. Qc3+ Kg8 49. Qb4 Kg7 50. Qc3+ Kg8 51. Qc4 Re7 52. Qf4 Re2 53. Bd5 Re7 54. Bc6 Re2 55. Bd5 Re7 56. Bc6 1/2-1/2

[Event "Late-Titled-Tuesday-Blitz-April-30-2024"]
[Site "Chess.com"]
[Date "2024.04.30"]
[Round "9"]
[White "Caterpiller35"]
[Black "Roedor"]
[Result "0-1"]
[WhiteElo "2475"]
[BlackElo "2388"]
[TimeControl "180+1"]
[EndTime "15:44:34 PDT"]
[Termination "Roedor won by checkmate"]

1. e4 e5 2. Nc3 Nf6 3. f4 d5 4.
fxe5 Nxe4 5. Qf3 Nc6 6. Bb5 Nxc3 7. dxc3 Be6 8. Qg3 Qd7 9. Nf3 a6 10. Bd3 h6 11. Nd4 Bc5 12. Qxg7 O-O-O 13. Nxe6 Qxe6 14. Rf1 Kb8 15. Bf4 d4 16. cxd4 Bxd4 17. O-O-O Qxa2 18. c3 Bxc3 19. bxc3 Na5 20. Rd2 Nb3+ 21.
Kd1 Nxd2 22. Bxd2 Rhg8 23. Qxf7 Qxf7 24. Rxf7 Rxd3 25. e6 Rxg2 26. Rf8+ Ka7 27. e7 Rdxd2+ 28. Kc1 Rde2 29. Kd1 Rxe7 30. Rh8 Rd7+ 31. Ke1 Rg1+ 32. Kf2 Rgd1 33. Rxh6 R7d2+ 34. Ke3 Rc2 35. h4 Rdc1 36.
Kd3 Rxc3+ 37. Kd4 Rc6 38. Ke4 Rxh6 39. h5 Rxh5 40. Kf4 Rch1 41. Kf3 Rg5 42. Kf4 Rg8 43. Kf5 a5 44. Ke6 Rd1 45. Kf7 Rg2 46. Ke7 Re2+ 47. Kf6 Rf1+ 48. Kg5 Rg2+ 49. Kh5 Rh1# 0-1

[Event "Late-Titled-Tuesday-Blitz-April-30-2024"]
[Site "Chess.com"]
[Date "2024.04.30"]
[Round "9"]
[White "BogdanDeac"]
[Black "Shankland"]
[Result "1-0"]
[WhiteElo "3091"]
[BlackElo "2967"]
[TimeControl "180+1"]
[EndTime "15:44:36 PDT"]
[Termination "BogdanDeac won by resignation"]

1. e4 c5 2. Nf3 d6 3. h3 Nf6 4.
Nc3 Nc6 5. d4 cxd4 6. Nxd4 g6 7.
Bc4 Bg7 8. O-O O-O 9. Nf3 b6 10. Re1 Bb7 11. Bg5 h6 12. Be3 Rc8 13. Bf1 Na5 14.
Nd2 d5 15. exd5 Nxd5 16. Nxd5 Qxd5 17. c3 Rfd8 18. Qa4 Nc6 19. Nf3 Qa5 20. Qh4 Qh5 21.
Qxh5 gxh5 22. Rad1 e6 23. Be2 Ne7 24. Rxd8+ Rxd8 25.
Rd1 Rxd1+ 26. Bxd1 e5 27. g3 Nf5 28. Bc1 e4 29.
Nh4 Nxh4 30. gxh4 Bf6 31. Bxh6 Bxh4 32. Bxh5 Kh7 33. Bf4 f5 34. Kf1 Kg7 35. Be2 Kf6 36.
c4 Bg5 37. Bxg5+ Kxg5 38. b4 f4 39. Bg4 f3 40. Ke1 Kf4 41. c5 bxc5 42. bxc5 Bc6 43. Be6 e3 44. h4 Ke5 45. Bf7 Kd4 46. h5 Kxc5 47. h6 exf2+ 48. Kxf2 Be4 49. Bg8 Kb4 50.
h7 Bxh7 51. Bxh7 1-0

[Event "Late-Titled-Tuesday-Blitz-April-30-2024"]
[Site "Chess.com"]
[Date "2024.04.30"]
[Round "9"]
[White "rhungaski"]
[Black "sassassasss"]
[Result "0-1"]
[WhiteElo "2542"]
[BlackElo "2411"]
[TimeControl "180+1"]
[EndTime "15:44:36 PDT"]
[Termination "sassassasss won on time"]

1. b3 Nc6 2. Bb2 Nf6 3. c4 e5 4. e3 d6 5. a3 Be7 6. b4 a6 7.
Qc2 O-O 8. d3 Bf5 9. Nd2 Bg6 10.
Ngf3 h6 11. Be2 Re8 12. O-O Bf8 13. e4 Nh5 14. g3 Nf6 15. Nh4 Bh7 16. Nb3 Qd7 17.
Rae1 Qh3 18. Bc3 Ng4 19. Bxg4 Qxg4 20. f3 Qd7 21. Qg2 Be7 22. f4 Bf6 23. Kh1 Qd8 24. Rg1 Kh8 25. Qf3 Qe7 26. Nf5 Bxf5 27. exf5 Qd7 28.
Qh5 Nd4 29. Bxd4 exd4 30. Nd2 Re3 31. Rxe3 dxe3 32. Ne4 Bd4 33. f6 Kg8 34. fxg7 Bxg7 35. f5 Qe7 36. f6 Bxf6 37. Qxh6 Bg7 38. Qh5 c6 39. Re1 d5 40. cxd5 cxd5 41. Qxd5 Rd8 42. Qf5 Rxd3 43. Ng5 Rd2 44. Rf1 e2 45. Re1 Rd1 46.
Qc8+ Bf8 0-1

[Event "Late-Titled-Tuesday-Blitz-April-30-2024"]
[Site "Chess.com"]
[Date "2024.04.30"]
[Round "9"]
[White "igorknyazev"]
[Black "jactorres"]
[Result "0-1"]
[WhiteElo "2235"]
[BlackElo "2410"]
[TimeControl "180+1"]
[EndTime "15:44:38 PDT"]
[Termination "jactorres won by resignation"]

1. e4 e5 2. Nf3 Nc6 3. Bb5 a6 4. Bxc6 dxc6 5. Nc3 f6 6. d4 exd4 7. Nxd4 c5 8. Nde2 Qxd1+ 9. Nxd1 Bd7 10. O-O O-O-O 11. f4 Nh6 12. h3 Nf7 13. Ne3 h5 14. Nd5 Bc6 15. c4 Nd6 16. e5 fxe5 17. fxe5 Nxc4 18.
Ndf4 Nxe5 19. Ne6 Re8 20. N2f4 Bd7 21. Nxf8 Rexf8 22. Be3 b6 23. b3 g5 24. Nd5 Be6 25. Ne7+ Kb8 26. Bxg5 Rxf1+ 27. Rxf1 Re8 28. Re1 Nf7 29.
Rxe6 Nxg5 30. Nc6+ Kb7 31. Rxe8 Kxc6 32. Re5 Nf7 33.
Rxh5 Nd6 34. g4 b5 35. g5 c4 36. bxc4 bxc4 37. Kf1 c3 38. Ke2 c2 39. Kd2 Kd5 40.
g6+ Ke6 41. Rg5 Ne4+ 42. Kxc2 Nxg5 43. h4 Ne4 44. Kd3 Nf6 45. h5 Nxh5 46. Ke4 Ng7 47. Kf4 Kf6 48. a4 Kxg6 49. Ke4 Kf6 50. Kd5 Ke7 51.
Kc6 Kd8 52. Kb7 a5 53. Ka6 Kd7 54. Kxa5 Ne6 55. Ka6 Nc5+ 56. Kb5 Kd6 57. a5 Nb7 58. Ka6 Nc5+ 59. Kb5 Kd5 60. Kb4 c6 61. Kc3 Na6 62. Kb3 c5 63. Ka4 Kc6 64. Kb3 Kb5 65. Kc3 Kxa5 66.
Kc4 Kb6 67. Kd5 Kb5 68. Ke4 Nb4 69. Ke3 Kc4 70. Kd2 Kb3 71. Kc1 Nc6 72. Kb1 c4 73. Ka1 c3 74. Kb1 Nb8 75. Kc1 c2 76.
Kd2 Kb2 77. Kd3 c1=Q 0-1

[Event "Late-Titled-Tuesday-Blitz-April-30-2024"]
[Site "Chess.com"]
[Date "2024.04.30"]
[Round "9"]
[White "Shiner22"]
[Black "HipsterChess22"]
[Result "0-1"]
[WhiteElo "2279"]
[BlackElo "2198"]
[TimeControl "180+1"]
[EndTime "15:44:38 PDT"]
[Termination "HipsterChess22 won by checkmate"]

1. e4 c6 2. d4 d5 3. exd5 cxd5 4.
c4 Nf6 5. Nc3 Nc6 6. Nf3 a6 7.
cxd5 Nxd5 8. Bd3 g6 9. O-O Bg7 10. Ne2 Bg4 11. Be4 O-O 12. h3 Bxf3 13. Bxf3 e6 14.
a3 b5 15. Qd3 Rc8 16. Rd1 Qd7 17. Be3 Rfd8 18. Rac1 Nxe3 19. fxe3 e5 20. d5 Na5 21. e4 Nc4 22. Qb3 Bh6 23. Rc3 Nd2 24. Qb4 Nxf3+ 25. Rxf3 Rc4 26. Qb3 Rxe4 27. Nc3 Rd4 28.
Rdf1 f5 29. g4 e4 30. Rg3 Rd3 31. Rxd3 exd3 32. gxf5 d2 33. d6+ Kh8 34. Ne4 gxf5 35.
Qc3+ Bg7 36. Ng5 Qxd6 37. Nf7+ Kg8 38. Nxd6 Bxc3 39. bxc3 Rxd6 40. Rd1 Kf7 41. Kf2 Kf6 42. Ke2 Ke5 43. h4 Ke4 44. h5 f4 45. Rxd2 f3+ 46.
Kd1 Rxd2+ 47. Kxd2 Kf4 48. Ke1 Kg3 49. Kf1 f2 50. h6 Kf3 51. a4 bxa4 52. c4 a3 53.
c5 a2 54. c6 a1=Q# 0-1

[Event "Late-Titled-Tuesday-Blitz-April-30-2024"]
[Site "Chess.com"]
[Date "2024.04.30"]
[Round "9"]
[White "ab-lsv"]
[Black "Dhaydon19"]
[Result "0-1"]
[WhiteElo "2395"]
[BlackElo "2625"]
[TimeControl "180+1"]
[EndTime "15:44:40 PDT"]
[Termination "Dhaydon19 won on time"]

1. d4 Nf6 2. c4 e6 3. Nc3 Bb4 4. Qc2 c5 5. dxc5 Bxc5 6. Nf3 Nc6 7. Bg5 h6 8. Bh4 g5 9. Bg3 Nh5 10. e3 f5 11. Be2 Nxg3 12. hxg3 Qf6 13. O-O-O a6 14.
Kb1 Bf8 15. e4 f4 16. gxf4 Qxf4 17. e5 Nxe5 18. Nxe5 Qxe5 19. Qg6+ Kd8 20. Bd3 Bg7 21. Rhe1 Qf6 22. Qe4 Rb8 23. Re2 Rf8 24. Bc2 b5 25. c5 Kc7 26. Qb4 Qf4 27. Ne4 Kd8 28. g3 Qe5 29.
Rdd2 Ra8 30. Bb3 a5 31. Qxb5 Ba6 32. Qb6+ Ke7 33. Qd6+ Qxd6 34. cxd6+ Kf7 35. Re1 Rfc8 36. Rc1 Rxc1+ 37. Kxc1 Rc8+ 38. Rc2 Rxc2+ 39. Kxc2 Bd4 40. f3 Bb7 41. Bc4 Bxe4+ 42. fxe4 Be5 43. g4 Bxd6 44. Kd3 Ke7 45. b3 Be5 46. Ke3 Kd6 47. Kf3 Kc5 48.
a4 d5 49. exd5 exd5 50. Bb5 Kb4 51. Bc6 Kxb3 0-1

[Event "Late-Titled-Tuesday-Blitz-April-30-2024"]
[Site "Chess.com"]
[Date "2024.04.30"]
[Round "9"]
[White "Mugiwara2b"]
[Black "NovakRatko"]
[Result "0-1"]
[WhiteElo "2582"]
[BlackElo "2417"]
[TimeControl "180+1"]
[EndTime "15:44:40 PDT"]
[Termination "NovakRatko won by checkmate"]

1. e4 d5 2. exd5 c6 3. dxc6 Nxc6 4. Nf3 e5 5. Bc4 Bd6 6. d3 Nf6 7. h3 h6 8. O-O O-O 9. Nc3 a6 10. a4 Bf5 11. Re1 Qc7 12. Nh4 Bh7 13. Qf3 Nd4 14. Qd1 Rad8 15. Be3 Qc6 16. Ne2 b5 17. axb5 axb5 18. Ba2 Nxc2 19. Rc1 Nxe3 20. Rxc6 Nxd1 21.
Rxd1 Bb8 22. d4 Ba7 23. d5 Be4 24. Nc3 b4 25. Nxe4 Nxe4 26. Rc2 Kh7 27. Re2 f5 28. Nxf5 Nxf2 29. Rxf2 Bxf2+ 30. Kh1 g6 31. Ne7 Bd4 32. Nc6 Ra8 33. Bb3 Rf2 34. Nxd4 exd4 35. d6 Rxb2 36. Bd5 Rd8 37. Rxd4 Kg7 38. Bf3 b3 39. Kh2 Rb1 40.
Be4 Rb2 41. Rd3 Re2 42. Bf3 Re5 43. Rxb3 Rxd6 44. Rb7+ Kf6 45. Rb4 h5 46. h4 Re3 47.
Rf4+ Kg7 48. Kg3 Red3 49. Ra4 R3d4 50. Ra7+ Kh6 51. Kh2 Rc4 52. g3 Rd2+ 53. Kh3 Rc3 54. g4 Rxf3# 0-1

[Event "Late-Titled-Tuesday-Blitz-April-30-2024"]
[Site "Chess.com"]
[Date "2024.04.30"]
[Round "9"]
[White "VirtualCoach"]
[Black "rionelG"]
[Result "0-1"]
[WhiteElo "2075"]
[BlackElo "2283"]
[TimeControl "180+1"]
[EndTime "15:44:40 PDT"]
[Termination "rionelG won by checkmate"]

1. c4 e5 2. Nc3 Nc6 3. g3 f5 4. Bg2 Nf6 5. d3 Bb4 6. e3 Bxc3+ 7.
bxc3 d6 8. Ne2 O-O 9. O-O Qe8 10.
Ba3 b6 11. Rb1 Rb8 12. d4 Ba6 13. Qa4 Na5 14. Qxe8 Rfxe8 15. Rfe1 Nxc4 16. Bc1 c5 17. Rd1 Red8 18. Kf1 Kf8 19. Ke1 Ke7 20. f4 Ng4 21.
Rd3 e4 22. Rd1 Ngxe3 23. Bh3 Nxd1 24. Kxd1 g6 25. g4 fxg4 26. Bxg4 Rf8 27. Ng3 Bb7 28.
Ke2 Rbe8 29. Nf1 Kd8 30. Ne3 Ba6 31. Nxc4 Bxc4+ 32. Ke3 Be6 33. Be2 Rf7 34. a4 Ref8 35.
Kf2 g5 36. Bh5 Rf6 37. a5 gxf4 38. axb6 e3+ 39. Ke2 Bc4+ 40. Ke1 axb6 41. Rxb6 cxd4 42. cxd4 d5 43. Rb8+ Kc7 44. Rb2 Rb8 45. Rxb8 Kxb8 46. Bg4 Kc7 47. h3 Kc6 48. Bf3 Kb5 49. Bb2 Kb4 50. h4 Kb3 51. Bc1 Kc2 52. Ba3 Ra6 53. Bc5 Ra1+ 54. Bd1+ Rxd1# 0-1

[Event "Late-Titled-Tuesday-Blitz-April-30-2024"]
[Site "Chess.com"]
[Date "2024.04.30"]
[Round "9"]
[White "MITerryble"]
[Black "MKlose11"]
[Result "1-0"]
[WhiteElo "3042"]
[BlackElo "2689"]
[TimeControl "180+1"]
[EndTime "15:44:42 PDT"]
[Termination "MITerryble won by resignation"]

1. d4 Nf6 2. Bg5 c5 3. dxc5 Qa5+ 4. Nd2 Qxc5 5. Ngf3 Nc6 6. e3 e6 7. c4 Be7 8. a3 a5 9. Bd3 d5 10. O-O O-O 11.
Rc1 h6 12. Bh4 dxc4 13. Nxc4 Qa7 14. Qe2 Bd7 15. Rfd1 Rfd8 16. Bg3 Rac8 17. Nd6 Bxd6 18. Bxd6 Be8 19. Bb1 Qb6 20. Bg3 Ne7 21. Rxc8 Rxd1+ 22. Qxd1 Nxc8 23. Be5 Ne7 24. h3 Nc6 25. Bxf6 gxf6 26. Qc2 f5 27. g4 Ne7 28. Nd4 Bc6 29. Qc3 fxg4 30. hxg4 Nd5 31. Qc2 Nf6 32. f3 Bxf3 33. Nxf3 Qxe3+ 34. Kg2 Qf4 35. Qd2 Qxd2+ 36. Nxd2 Nxg4 37.
Nc4 b5 38. Nxa5 Ne3+ 39. Kf3 Nd1 40. b4 Nc3 41. Bd3 f5 42. Nc6 Kf7 43. Nd4 Kf6 44. Nxb5 Nd5 45. Bc4 Nb6 46. Bb3 e5 47. a4 e4+ 48.
Kf4 Nc8 49. a5 Ne7 50. a6 Nc6 51. a7 Nxa7 52. Nxa7 h5 53. Nc6 h4 54. Nd4 h3 55.
Nxf5 h2 56. Ng3 Ke7 57. Kxe4 Kd6 58. Bc4 Kc6 59. Kf3 Kb6 60. Kg2 Kc7 61. Kxh2 Kb6 62.
Kg2 1-0

[Event "Late-Titled-Tuesday-Blitz-April-30-2024"]
[Site "Chess.com"]
[Date "2024.04.30"]
[Round "9"]
[White "ExchangeAB"]
[Black "Iskusnyh"]
[Result "0-1"]
[WhiteElo "2455"]
[BlackElo "2615"]
[TimeControl "180+1"]
[EndTime "15:44:42 PDT"]
[Termination "Iskusnyh won by resignation"]

1. d4 d5 2. Nf3 Nf6 3. e3 c5 4.
c3 g6 5. dxc5 Bg7 6. b4 O-O 7.
Bb2 b6 8. cxb6 axb6 9. Be2 Ba6 10. O-O Bxe2 11. Qxe2 Nbd7 12. c4 dxc4 13. Qxc4 Rc8 14. Qb3 Qc7 15. a4 Qc2 16. Qxc2 Rxc2 17. Bd4 Nd5 18.
Bxg7 Kxg7 19. b5 Ra8 20. Nd4 Rc4 21. a5 bxa5 22. Nd2 Rb4 23. Rfb1 Rxb1+ 24. Rxb1 a4 25. Ra1 N7b6 26. Ra3 e5 27. Nc6 f6 28. e4 Nc7 29.
Kf1 Nxb5 30. Ra1 a3 31. Nb4 Nd4 32. f3 Ra4 33. Nd3 h5 34. Ra2 h4 35. h3 g5 36.
Nc1 Nc4 37. Nxc4 Rxc4 38. Ne2 Nxe2 39. Kxe2 Rc3 40. Kd2 Rb3 41. Kc2 Re3 42. Kd2 Rb3 43. Kc2 Rb4 44. Rxa3 Kg6 45. Ra2 g4 46. hxg4 Kg5 47.
Kd3 Kf4 48. Ra6 Kg3 49. Rxf6 Kxg2 50. g5 h3 51. Rh6 h2 52. g6 Rb8 53. Kc4 Rd8 54.
g7 h1=Q 55. Rxh1 Kxh1 56. g8=Q Rxg8 57. Kd5 Re8 0-1

[Event "Late-Titled-Tuesday-Blitz-April-30-2024"]
[Site "Chess.com"]
[Date "2024.04.30"]
[Round "9"]
[White "Cacriefils1984"]
[Black "Janh4"]
[Result "1-0"]
[WhiteElo "2354"]
[BlackElo "2200"]
[TimeControl "180+1"]
[EndTime "15:44:42 PDT"]
[Termination "Cacriefils1984 won by checkmate"]

1. e4 c6 2. d4 d5 3. e5 c5 4.
dxc5 e6 5. Nf3 Bxc5 6. Bd3 Ne7 7. a3 Nbc6 8. O-O Ng6 9. Re1 Qb6 10. Qe2 Ngxe5 11. Nxe5 Nxe5 12. Qxe5 Bxf2+ 13. Kh1 Bxe1 14. Qxe1 O-O 15. Nc3 Bd7 16. b4 Rac8 17. Bb2 a6 18. Qh4 f5 19. Qg3 Qc7 20. Qxc7 Rxc7 21. Ne2 Bb5 22.
Be5 Bxd3 23. cxd3 Rc2 24. Nf4 Rfc8 25. h4 Rc1+ 26. Rxc1 Rxc1+ 27. Kh2 Kf7 28. Kg3 g6 29. Kf2 Rc2+ 30. Ke3 Ra2 31. Kd4 Rxa3 32. Bd6 Ra1 33. Bc7 h6 34. Kc5 g5 35. hxg5 hxg5 36. Ne2 Ra2 37.
Nd4 Rxg2 38. Kb6 Rg4 39. Be5 Rg2 40. Kxb7 Rd2 41. Kxa6 Rxd3 42. b5 f4 43. b6 Ra3+ 44.
Kb5 Ra1 45. Nb3 Rb1 46. Kb4 Rh1 47. b7 f3 48. b8=Q f2 49. Qa7+ Kg6 50. Qxf2 Rh4+ 51. Ka3 Re4 52. Qf6+ Kh5 53. Qxe6 g4 54. Qxd5 Kh4 55.
Qxe4 Kh3 56. Qh1# 1-0

[Event "Late-Titled-Tuesday-Blitz-April-30-2024"]
[Site "Chess.com"]
[Date "2024.04.30"]
[Round "9"]
[White "ganzy"]
[Black "TheMagician"]
[Result "0-1"]
[WhiteElo "2266"]
[BlackElo "2144"]
[TimeControl "180+1"]
[EndTime "15:44:43 PDT"]
[Termination "TheMagician won on time"]

1. e4 c5 2. Nf3 d6 3. b3 Nf6 4.
Bd3 e5 5. O-O Nc6 6. Bb2 Bg4 7. h3 Bh5 8. c3 a6 9. Bc2 Be7 10. g4 Bg6 11. Re1 Rc8 12. a3 Nd7 13. d4 O-O 14. Nbd2 Re8 15. Nf1 cxd4 16. cxd4 exd4 17.
Nxd4 Nxd4 18. Bxd4 Bf6 19. Ng3 Bxd4 20. Qxd4 Rxc2 21.
Qxd6 Qb6 22. Qxb6 Nxb6 23. f4 f6 24. Rad1 Bf7 25. Rd6 Nc8 26. Rd7 Bxb3 27. Rxb7 Bc4 28. Nf5 g6 29. Ne3 Bf7 30. Nxc2 Nd6 31. Rb4 a5 32. Rd4 Nb5 33. Ra4 Ra8 34. Re3 g5 35.
fxg5 fxg5 36. Nd4 Nc7 37. Rc3 Ne8 38. Nf5 Kf8 39. Rc5 Bb3 40. Raxa5 Rd8 41. Ra7 Nf6 42. Rcc7 Nxe4 43. Rxh7 Rd1+ 44. Kg2 Nf6 45. Rh8+ Ng8 46. Nh6 Rd2+ 47. Kf3 Rd3+ 48. Ke4 Rxh3 0-1

[Event "Late-Titled-Tuesday-Blitz-April-30-2024"]
[Site "Chess.com"]
[Date "2024.04.30"]
[Round "9"]
[White "Romkachess"]
[Black "db-banana"]
[Result "1-0"]
[WhiteElo "2631"]
[BlackElo "2466"]
[TimeControl "180+1"]
[EndTime "15:44:45 PDT"]
[Termination "Romkachess won by resignation"]

1. e4 Nf6 2. e5 Nd5 3. c4 Nb6 4.
d4 d6 5. exd6 cxd6 6. Nf3 g6 7. Nc3 Bg7 8. Be3 O-O 9. Rc1 Nc6 10.
b3 Bg4 11. Be2 Re8 12. O-O e5 13. dxe5 dxe5 14. h3 Be6 15. Nb5 Qe7 16. Qd6 Red8 17. Qxe7 Nxe7 18. Nc7 Rac8 19. Nxe6 fxe6 20. Ng5 Nf5 21.
Nxe6 Re8 22. Nxg7 Kxg7 23. Bd2 Nd4 24. Bd1 Nd7 25. Bc3 Nc5 26. f4 Ne4 27. Bb2 Kg8 28.
fxe5 Nf5 29. Bg4 Neg3 30. Rfe1 Rcd8 31. Rcd1 Rxd1 32. Rxd1 Kf7 33. Rd7+ Re7 34. Rxe7+ Kxe7 35. Kf2 Ne4+ 36. Ke2 Ke6 37. Bf3 Nc5 38. Bd5+ Ke7 39. g4 Ng7 40. Ba3 b6 41. b4 Nd7 42. Bb2 Ne6 43.
Ke3 g5 44. Be4 Nf4 45. Bxh7 Nxh3 46. Bf5 Nf4 47. Ke4 Nf8 48. Bc1 N8e6 49. Bxf4 Nxf4 50. c5 bxc5 51. bxc5 Nh3 52. c6 Kd8 53. Kd5 Nf4+ 54. Kd6 Nd5 55. Kxd5 1-0

[Event "Late-Titled-Tuesday-Blitz-April-30-2024"]
[Site "Chess.com"]
[Date "2024.04.30"]
[Round "9"]
[White "RuperezA"]
[Black "GoltsevDmitry2000"]
[Result "1-0"]
[WhiteElo "2644"]
[BlackElo "2806"]
[TimeControl "180+1"]
[EndTime "15:44:49 PDT"]
[Termination "RuperezA won on time"]

1. e4 e6 2. b3 d5 3. Bb2 Nc6 4. e5 Nge7 5. d4 Nf5 6. Nf3 h5 7. Bd3 Be7 8. O-O g5 9. c3 g4 10. Ne1 a6 11. Na3 Bg5 12. Nac2 Nce7 13. f4 Bh6 14.
Qe2 Rg8 15. Ne3 Ng6 16. g3 Nge7 17. N1g2 Bd7 18. Rad1 a5 19. c4 c6 20. Rfe1 Qb6 21. Nxf5 Nxf5 22. Ne3 Kf8 23. Bxf5 exf5 24. cxd5 Rd8 25.
e6 fxe6 26. Nc4 Qc7 27. dxe6 Re8 28. Ba3+ Kg7 29. Bd6 Qd8 30. Be5+ Kh7 31. exd7 Qxd7 32. Qd3 Rg6 33. d5 h4 34. dxc6 Qxc6 35. Qd7+ Qxd7 36. Rxd7+ Kg8 37. Nd6 Ree6 38. Nxf5 Bf8 39. Rc1 h3 40. Rc8 Rc6 41. Ne7+ Kf7 42. Nxc6+ Ke6 43. Rxf8 Kxd7 44. Nd4 a4 45. Rf7+ Ke8 46. Rxb7 axb3 47. axb3 Ra6 48.
Kf2 Ra2+ 49. Ke3 Rxh2 50. Rh7 Rg2 51. Ke4 Rxg3 52. f5 Rg2 53. f6 Rf2 54. Kd5 Kd8 55. Ne6+ Kc8 56. f7 Kd7 57. f8=Q+ 1-0